 Dungeon Crawl Stone Soup version 0.24.0-35-gdb84b6a5db (webtiles) character file.

Game seed: 17770908938298330163, levelgen mode: deterministic

105 Flugslaktarn the Chopper (level 4, 0/41 HPs)
             Began as a Minotaur Monk on Nov 17, 2019.
             Killed by nerve-wracking pain
             ... invoked by Grinder
              (4 damage)
             ... on level 3 of the Dungeon.
             The game lasted 00:01:01 (2225 turns).

Flugslaktarn the Chopper (Minotaur Monk)            Turns: 2225, Time: 00:01:02

Health: 0/41       AC:  5    Str: 17    XL:     4   Next: 53%
Magic:  3/3        EV: 12    Int:  7    God:
Gold:   126        SH:  0    Dex: 12    Spells: 3/3 levels left

rFire    . . .     SeeInvis .   a - +0 hand axe
rCold    . . .     Gourm    .   (no shield)
rNeg     . . .     Faith    .   p - +0 ring mail
rPois    .         Spirit   .   (helmet restricted)
rElec    .         Reflect  .   (no cloak)
rCorr    .         Harm     .   (no gloves)
MR       .....                  (no boots)
Stlth    +.........             (no amulet)
HPRegen  0.13/turn              (no ring)
MPRegen  0.08/turn              (no ring)

@: no status effects
A: retaliatory headbutt, horns 2
a: no special abilities


You were on level 3 of the Dungeon.
You were not hungry.

You visited 1 branch of the dungeon, and saw 3 of its levels.

You collected 126 gold pieces.

Inventory:

Hand Weapons
 a - a +0 hand axe (weapon)
Armour
 b - a +0 robe
 p - a +0 ring mail (worn)
   (You found it on level 2 of the Dungeon)
Jewellery
 d - a cursed -2 ring of protection {unknown}
   (You found it on level 1 of the Dungeon)
Scrolls
 g - a scroll of random uselessness {unknown}
 h - a scroll of enchant weapon {unknown}
 j - a scroll of immolation {unknown}
 l - a scroll of noise {unknown}
 n - a scroll of remove curse {unknown}
 o - a scroll of magic mapping {unknown}
 r - a scroll of blinking {unknown}
Potions
 f - a potion of berserk rage {unknown}
 i - a potion of agility {unknown}
 k - a potion of flight {unknown}
 m - a potion of degeneration {unknown}
 q - a potion of might {unknown}
 s - a potion of brilliance {unknown}
Comestibles
 c - 3 chunks of flesh
 e - 5 rations


   Skills:
 + Level 4.5 Fighting
 * Level 5.3 Axes
 + Level 2.2 Armour
 - Level 3.2 Dodging
 - Level 1.5 Stealth


You had 3 spell levels left.
You didn't know any spells.
Your spell library was empty.

Dungeon Overview and Level Annotations

Branches:
Dungeon (3/15)

Altars:
Ashenzari

Annotations:
D:3 Grinder


Innate Abilities, Weirdness & Mutations

You reflexively headbutt those who attack you in melee.
You have a pair of horns on your head.


Message History

Grinder gestures at you.
You suddenly lose the ability to move!
Grinder gestures at you.
You shrug off the repeated paralysis!
Grinder hits you.
* * * LOW HITPOINT WARNING * * *
Grinder blinks!
Grinder gestures at you. You resist with significant effort.
Grinder gestures at you. Pain shoots through your body!
* * * LOW HITPOINT WARNING * * *
Grinder gestures at you.
You barely resist.
You can move again.
You aren't carrying any items that you can evoke.
Unknown command.
Grinder gestures at you. Pain shoots through your body!
You die...

#............#
#......[.....#
#............#
#......#######
#......#
#......#
#......#
.#########5#
......).@..#
#####...†.#
#.....#
#...?...#
#.......#
#......##
#......#
+......+
#......#


You could see Grinder.

Vanquished Creatures
  2 adders (D:2)
  3 oozes
  A worm (D:3)
  2 dart slugs (D:1)
  A leopard gecko (D:1)
  8 bats
  4 giant cockroaches
  6 goblins (D:1)
  7 hobgoblins
  8 jackals
  A ball python (D:2)
  3 frilled lizards
  8 kobolds
  10 rats
64 creatures vanquished.

Notes
Turn   | Place    | Note
-------+----------+-------------------------------------------
     0 | D:1      | Flugslaktarn the Minotaur Monk began the quest for the Orb.
     0 | D:1      | Reached XP level 1. HP: 19/19 MP: 0/0
    74 | D:1      | Reached skill level 4 in Axes
    89 | D:1      | Reached XP level 2. HP: 24/27 MP: 1/1
   166 | D:1      | Reached skill level 1 in Armour
   428 | D:1      | Reached XP level 3. HP: 18/33 MP: 2/2
  1184 | D:2      | Reached skill level 5 in Axes
  1184 | D:2      | Reached XP level 4. HP: 10/41 MP: 3/3
  1816 | D:2      | Found a shattered altar of Ashenzari.
  2208 | D:3      | Noticed Grinder
  2217 | D:3      | Paralysed by Grinder for 7 turns
  2225 | D:3      | Killed from afar by Grinder

Levels and vault maps discovered:
D:1:      onia_arrival_handbag, layout_rooms, serial_bayou_pond_a
D:2:      layout_basic, old_standard_altar, first_ration, fountainhead,
          serial_bayou_crossing
D:3:      layout_basic, marbit_many_paths, cheibriados_altar_1,
          kennysheep_generic_room_15, uniq_grinder

Skill      XL: |  1  2  3  4 |
---------------+-------------+-----
Axes           | 4 5 |  5.3
Armour         | 1 2 |  2.2
Fighting       | 4 |  4.5
Dodging        | |  3.2
Stealth        | |  1.5

Action                   |  1- 3 |  4- 6 || total
-------------------------+-------+-------++-------
Melee: Hand axe          |   100 |    40 ||   140
       Headbutt          |    12 |     6 ||    18
 Stab: Sleeping          |     4 |     1 ||     5
  Eat: Chunk             |     1 |     3 ||     4
Armor: Robe              |    17 |       ||    17
       Ring mail         |       |     3 ||     3
Dodge: Dodged            |    69 |    34 ||   103
